 Dungeon Crawl Stone Soup version 0.30-a0-1123-gabc949cf19 (webtiles) character file.

Game seed: 14354688682878527401

6221 cheesebisquit the Warrior (level 10, -2/108 HPs)
             Began as a Black Draconian Fire Elementalist on Apr 22, 2023.
             Was a Believer of Vehumet.
             Slain by a slime creature (6 damage)
             ... on level 8 of the Dungeon.
             The game lasted 00:39:37 (11232 turns).

cheesebisquit the Warrior (DrFE)                   Turns: 11232, Time: 00:39:37

Health: -2/108     AC: 11    Str: 11    XL:     10   Next: 61%
Magic:  11/13      EV: 15    Int: 20    God:    Vehumet [**....]
Gold:   88         SH:  9    Dex: 17    Spells: 2/13 levels left

rFire   . . .        g - +9 trident of Nuutuot {flame, rN+}
rCold   . . .        K - +2 kite shield {reflect}
rNeg    + . .        (body armour unavailable)
rPois   .            (helmet restricted)
rElec   +            C - +0 cloak
rCorr   .            M - +1 pair of gloves "Gakan" {rElec}
SInv    .            z - +0 pair of boots
Will    .....        (no amulet)
Stlth   ++           p - +5 ring of evasion
HPRegen 0.38/turn    F - +6 ring of dexterity
MPRegen 0.13/turn

%: reflection
@: hasted, very quick
A: breathe lightning, AC +7, unfitting armour, electricity resistance,
cold-blooded
a: Breathe Lightning, Renounce Religion


You were on level 8 of the Dungeon.
You worshipped Vehumet.
Vehumet was pleased with you.
You visited 2 branches of the dungeon, and saw 9 of its levels.

You collected 374 gold pieces.
You spent 286 gold pieces at shops.

Inventory:

Hand Weapons
 a - a +1 whip of freezing
 g - the +9 trident of Nuutuot (weapon) {flame, rN+}
   (You took it off an orc wizard on level 7 of the Dungeon)

   rN:        It protects you from negative energy.
 m - a +2 flail of venom
 L - a +2 trident of protection
Missiles
 b - a curare-tipped dart
 u - 62 poisoned darts
 G - 2 throwing nets
Armour
 z - a +0 pair of boots (worn)
 C - a +0 cloak (worn)
 K - a +2 kite shield of reflection (worn)
 M - the +1 pair of gloves "Gakan" (worn) {rElec}
   (You found it on level 8 of the Dungeon)

   rElec:     It insulates you from electricity.
Magical Staves
 I - a staff of fire
Jewellery
 p - a +5 ring of evasion (left hand)
 F - a +6 ring of dexterity (right hand)
Wands
 x - a wand of roots (5)
Scrolls
 c - 3 scrolls of fog {unknown}
 f - 8 scrolls of identify {unknown}
 h - 2 scrolls of poison {unknown}
 j - a scroll of vulnerability {unknown}
 l - 2 scrolls of magic mapping {unknown}
 o - 3 scrolls of brand weapon {unknown}
 r - a scroll of amnesia {unknown}
 s - a scroll of fear {unknown}
 w - 3 scrolls of silence {unknown}
 y - a scroll of noise {unknown}
 B - 2 scrolls of enchant armour {unknown}
 E - 2 scrolls of blinking {unknown}
Potions
 d - a potion of cancellation
 e - a potion of lignification {unknown}
 i - 3 potions of flight
 k - a potion of haste
 n - 2 potions of brilliance {unknown}
 q - a potion of ambrosia {unknown}
 t - a potion of heal wounds {unknown}
 v - 2 potions of degeneration {unknown}
 A - a potion of mutation {unknown}
 D - a potion of invisibility {unknown}
 H - a potion of might {unknown}
 J - 2 potions of magic


   Skills:
 - Level 16.6 Fighting
 - Level 1.7 Dodging
 - Level 1.7 Stealth
 - Level 2.0 Spellcasting
 - Level 1.0 Conjurations
 - Level 3.0 Fire Magic
 + Level 4.2 Air Magic


You had 2 spell levels left.
You knew the following spells:

 Your Spells              Type           Power      Damage    Failure   Level
a - Foxfire               Conj/Fire      40%        2x1d6     26%         1
b - Static Discharge      Conj/Air       24%        2-3/arc   30%         2
c - Airstrike             Air            9%         2d(2-18)  71%         4
d - Summon Lightning Spi  Summ/Air       10%        N/A       94%         4

Your spell library contained the following spells:

 Spells                   Type           Power      Damage    Failure   Level
 Momentum Strike          Conj/Tloc      8%         3d8       56%         2
 Scorch                   Fire           28%        2d6       26%         2
 Inner Flame              Hex/Fire       8%         N/A       67%         3
 Volatile Blastmotes      Fire/Tloc      16%        2d11      67%         3
 Tukima's Dance           Hex            2%         N/A       86%         3
 Flame Wave               Conj/Fire      10%        2d6       94%         4
 Passage of Golubria      Tloc           2%         N/A       99%         4
 Yara's Violent Unravell  Hex/Tmut       1%         3d3       100%        5


Dungeon Overview and Level Annotations

Branches:
Dungeon (8/15)             Temple (1/1) D:6
   Lair: D:8-11

Altars:
Ashenzari
Cheibriados
Dithmenos
Elyvilon
Fedhas
Hepliaklqana
Kikubaaqudgha
Makhleb
Nemelex Xobeh
Ru
Sif Muna
Trog
Vehumet
Wu Jian
Xom
Yredelemnul
Zin
The Shining One

Shops:
D:6 :[[

Annotations:
D:6 2 transporters
D:8 2 transporters, BlueFalcon's ghost, novice BaHu


Innate Abilities, Weirdness & Mutations

You can breathe wild blasts of lightning.
Your glossy black scales are hard. (AC +7)
You cannot fit into any form of body armour.
You are resistant to electric shocks. (rElec)
You are cold-blooded and may be slowed by cold attacks.


Message History

The slime creature hits you but does no damage.
The endoplasm attacks as you move away! You block the endoplasm's attack.
The slime creature attacks as you move away!
The slime creature closely misses you. The jelly attacks as you move away!
You block the jelly's attack. The slime creature closely misses you.
Two slime creatures merge to form a large slime creature.
There is an open door here.
The jelly attacks as you move away! The jelly barely misses you.
You completely miss the jelly.
The jelly is heavily wounded.
The jelly hits you. The acid corrodes you!
You are splashed with acid!
The jelly hits you but does no damage.
You hit the jelly. You burn the jelly.
Your hands burn!
The jelly is almost dead.
The jelly barely misses you.
You puncture the jelly! You burn the jelly.
You kill the jelly!
Vehumet accepts your kill.
You hit the slime creature. You burn the slime creature.
The slime creature is lightly wounded.
The slime creature hits you but does no damage.
You puncture the slime creature! You burn the slime creature.
You tail-slap the slime creature, but do no damage.
The slime creature is moderately wounded.
The slime creature closely misses you. The slime creature hits you!!
* * * LOW HITPOINT WARNING * * *
It was a potion of flight.
You feel very buoyant.
You fly up into the air.
The slime creature hits you!
* * * LOW HITPOINT WARNING * * *
Okay, then.
Okay, then.
It was a potion of cancellation.
Your magical effects are unravelling.
You feel magically purged.
You float gracefully downwards.
You are no longer corroded.
The slime creature hits you but does no damage.
It was a potion of haste.
You feel yourself speed up. The slime creature hits you.
You die...

#.....## ############# #.........
.......###.##.P......$ #.......##
.....#.....##......... #.......##
.....#.....##÷P÷P.P... #........#
##......#..##.......P. #.......#.
##........##..÷J..... #.........
###........##÷.JJ..... #........#
...........###J####### #.........
...........# ##J@.)..###.........
...........# ########.##.........
....###....# #....'..###.........
...## ##...###....######.........
..(# #....##.......##..........
...# ##....##.).....##..........
..#####.....##.......##.#........
..###...######...(...###.#.......
.......## ##...(.## #..)......


You could see a slime creature and a jelly.

Vanquished Creatures
  Pikel (D:4)
  A cyclops (D:7)
  An unseen horror (D:7)
  A hornet (D:6)
  Prince Ribbit (D:7)
  2 wyverns (D:8)
  5 yaks (D:8)
  2 steam dragons
  A vampire mosquito (D:8)
  3 water moccasins
  A sky beast (D:6)
  2 ice beasts
  4 centaurs
  A phantom (D:5)
  7 kobold brigands
  3 bullfrogs
  5 scorpions
  4 wights (D:8)
  6 killer bees
  3 howler monkeys
  6 jellies
  4 orc priests
  2 hounds
  4 iguanas
  Terence (D:3)
  5 orc wizards
  A sleepcap (D:7)
  10 adders
  3 gnolls (D:7)
  A shadow imp (D:5)
  A white imp (D:8)
  An ufetubus (D:5)
  A worm (D:4)
  2 dart slugs
  22 orcs
  6 ball pythons
  4 bats
  11 endoplasms
  A giant cockroach (D:2)
  3 goblins
  3 hobgoblins
  3 quokkas
  2 frilled lizards
  20 kobolds
  3 rats
174 creatures vanquished.

Vanquished Creatures (others)
  A hobgoblin (D:2)
  2 kobolds (D:7)
  851 foxfires
  3 fungi (D:8)
  7 toadstools (D:8)
864 creatures vanquished.

Grand Total: 1038 creatures vanquished

Notes
Turn   | Place    | Note
-------+----------+-------------------------------------------
     0 | D:1      | cheesebisquit the Draconian Fire Elementalist began the
                  | quest for the Orb.
     0 | D:1      | Reached XP level 1. HP: 14/14 MP: 3/3
   230 | D:1      | Found a faded altar of an unknown god.
   240 | D:1      | Reached skill level 1 in Fighting
   749 | D:1      | Reached XP level 2. HP: 24/24 MP: 3/5
   845 | D:1      | Reached skill level 2 in Fighting
  1319 | D:2      | Reached skill level 3 in Fighting
  1319 | D:2      | Reached XP level 3. HP: 31/31 MP: 4/6
  2120 | D:3      | Reached skill level 4 in Fighting
  2120 | D:3      | Reached XP level 4. HP: 40/41 MP: 3/7
  2285 | D:3      | Noticed Terence
  2292 | D:3      | Killed Terence
  2293 | D:3      | Reached skill level 5 in Fighting
  2412 | D:3      | Reached XP level 5. HP: 48/48 MP: 3/8
  2655 | D:3      | Reached skill level 6 in Fighting
  3512 | D:4      | Found an ancient bone altar of Kikubaaqudgha.
  3800 | D:4      | Noticed a lemure
  3801 | D:4      | Noticed Pikel
  3803 | D:4      | Noticed a lemure
  3808 | D:4      | Noticed a lemure
  3811 | D:4      | Noticed a lemure
  3817 | D:4      | Killed Pikel
  3818 | D:4      | Reached skill level 8 in Fighting
  3818 | D:4      | Reached XP level 6. HP: 37/62 MP: 5/9
  3818 | D:4      | Your scales start taking on a glossy black colour.
  3818 | D:4      | Reached XP level 7. HP: 41/69 MP: 5/10
  3818 | D:4      | Gained mutation: You are resistant to electric shocks.
                  | (rElec) [Black Draconian growth]
  4024 | D:5      | Entered Level 5 of the Dungeon
  4038 | D:5      | Reached skill level 9 in Fighting
  4589 | D:5      | Reached skill level 10 in Fighting
  4780 | D:5      | Reached XP level 8. HP: 79/79 MP: 9/11
  5324 | D:6      | Found Moequiru's Book Emporium.
  5557 | D:6      | Reached skill level 11 in Fighting
  5622 | D:6      | Found a transporter.
  5622 | D:6      | Found Raarphai's Armour Emporium.
  5674 | D:6      | Found Heivyid's Antique Armour Boutique.
  5751 | D:6      | Noticed a hornet
  5759 | D:6      | Paralysed by a hornet for 2 turns
  5761 | D:6      | Killed a hornet
  5762 | D:6      | Reached skill level 12 in Fighting
  5914 | D:6      | Found a transporter.
  6161 | D:6      | Found a shadowy altar of Dithmenos.
  6471 | D:6      | Found a staircase to the Ecumenical Temple.
  6493 | Temple   | Entered the Ecumenical Temple
  6549 | Temple   | Became a worshipper of Vehumet
  6941 | D:7      | Noticed a cyclops
  6962 | D:7      | Killed a cyclops
  6963 | D:7      | Reached skill level 13 in Fighting
  6963 | D:7      | Reached XP level 9. HP: 65/93 MP: 0/12
  7103 | D:7      | Noticed Prince Ribbit
  7137 | D:7      | Killed an unseen horror
  7139 | D:7      | Killed Prince Ribbit
  7140 | D:7      | Reached skill level 14 in Fighting
  7967 | D:8      | Reached * piety under Vehumet
  7967 | D:8      | Offered knowledge of Freeze by Vehumet.
  8137 | D:8      | Reached skill level 15 in Fighting
  8686 | D:8      | Found a transporter.
  8690 | D:8      | Noticed BlueFalcon's ghost (novice BaHu)
  8706 | D:8      | Reached XP level 10. HP: 88/106 MP: 7/13
  8937 | D:8      | Found a transporter.
  9290 | D:8      | Found a bloodstained altar of Trog.
  9290 | D:8      | Found an ornate altar of the Wu Jian Council.
  9310 | D:8      | Identified the +1 pair of gloves "Gakan" {rElec}
  9370 | D:8      | Reached skill level 16 in Fighting
  9993 | D:8      | Found a snail-covered altar of Cheibriados.
 10056 | D:8      | Reached ** piety under Vehumet
 10063 | D:8      | Offered knowledge of Momentum Strike by Vehumet.
 10348 | D:6      | Bought a book of Storms for 286 gold pieces
 10351 | D:6      | Learned a level 2 spell: Static Discharge
 10356 | D:6      | Learned a level 4 spell: Airstrike
 10361 | D:6      | Learned a level 4 spell: Summon Lightning Spire
 10436 | D:7      | Reached skill level 1 in Air Magic
 10507 | D:7      | Identified the +9 trident of Nuutuot {flame, rN+}
 11230 | D:8      | HP: 4/108 [slime creature (17)]
 11232 | D:8      | Slain by a slime creature

Illustrated notes

Levels and vault maps discovered:
D:1:      minmay_arrival_loop, layout_basic, shapermc_ecumenical_altar_venn
D:2:      cheibrodos_old_hovel, layout_loops_cross
D:3:      layout_basic, minmay_fountain_box, uniq_terence
D:4:      layout_loops_cross, lemuel_coloured_pillars_altar,
          chequers_serial_rivers_marsh, corexii_hall_statues_i, uniq_pikel
D:5:      layout_basic
D:6:      layout_basic, mainiacjoe_overflow_cross_hatched,
          minmay_temple_entry_grid, serial_shops, shop,
          nicolae_shop_tiny_waterfront, nicolae_shop_drivethru
D:7:      minmay_opposing_rooms, layout_layer_cave, uniq_prince_ribbit1
D:8:      cheibrodos_fertilizer, layout_layer_cave, chei_slow_surprise,
          gammafunk_temple_overflow_elements, gammafunk_ghost_arena,
          minmay_manual_monolith
Temple:   cyrus_circular_temple

Skill      XL: |  1  2  3  4  5  6  7  8  9 10 |
---------------+-------------------------------+-----
Fighting       | 1 3 4 5 8 10 13 15 16 | 16.6
Air Magic      | 4 |  4.2
Dodging        | |  1.7
Stealth        | |  1.7
Spellcasting   | |  2.0
Conjurations   | |  1.0
Fire Magic     | |  3.0

Action                     |  1- 3 |  4- 6 |  7- 9 | 10-12 || total
---------------------------+-------+-------+-------+-------++-------
  Melee: Mace              |     5 |       |       |       ||     5
         Flail             |    15 |    28 |   144 |    74 ||   261
         Tailslap          |     2 |     5 |    27 |    22 ||    56
         Punch             |       |       |     3 |       ||     3
         Trident           |       |       |       |    20 ||    20
   Cast: Foxfire           |    51 |    63 |   249 |   115 ||   478
    Use: Potion            |       |     1 |     3 |     5 ||     9
         Scroll            |       |       |     1 |     2 ||     3
   Stab: Sleeping          |       |       |       |     1 ||     1
 Armour: Skin              |     8 |     6 |   112 |    74 ||   200
  Dodge: Dodged            |    28 |    48 |   294 |   151 ||   521
  Block: Kite shield       |       |       |    38 |   125 ||   163
         Reflection        |       |       |     4 |     7 ||    11

Table legend: (Time is in decaauts)
 A = Elapsed time spent in this place.
 B = Non-inter-level travel time spent in this place.
 C = Inter-level travel time spent in this place.
 D = Time resting spent in this place.
 E = Time spent auto-exploring this place.
 F = Levels seen in this place.
 G = Mean time per level.
                   A        B        C        D        E       F      G
               +--------+--------+--------+--------+--------+-----+--------+
         Total |  11388 |  10845 |    543 |    916 |   8171 |   9 | 1265.3 |
       Dungeon |  11318 |  10792 |    526 |    916 |   8129 |   8 | 1414.8 |
        Temple |     69 |     52 |     17 |      0 |     42 |   1 |   69.0 |
               +--------+--------+--------+--------+--------+-----+--------+

Top non-repeatable levels by time:
     D:8: 2814 daAuts
     D:7: 1657 daAuts
     D:6: 1479 daAuts
     D:5: 1304 daAuts
     D:3: 1152 daAuts
     D:1: 1075 daAuts
     D:2: 1054 daAuts
     D:4: 780 daAuts
  Temple: 69 daAuts
